[Event "*** SCC Grand Prix: Titled Tuesday Blitz"]
[Site "Chess.com"]
[Date "2020.07.07"]
[Round "9"]
[White "Chessdreamer2020"]
[Black "NormWeinstein"]
[Result "1-0"]
[WhiteElo "2623"]
[BlackElo "2450"]
[TimeControl "180+1"]
[EndTime "11:46:12 PDT"]
[Termination "Chessdreamer2020 won on time"]

1. e4 c5 2. Nf3 d6 3. d4 Nf6 4.
Nc3 cxd4 5. Qxd4 Nbd7 6. Bb5 e6 7. Bg5 Be7 8. O-O-O O-O 9. Rhe1 a6 10. Bxd7 Bxd7 11. Bxf6 gxf6 12. Re3 Rc8 13. Kb1 Bc6 14. Qd3 Kh8 15. Nd4 Rg8 16. Rh3 Rg7 17. Nxc6 Rxc6 18. Qf3 Qa5 19. Rh5 Rg5 20. Rxg5 Qxg5 21. g3 Kg8 22. h4 Qg6 23. Ne2 Rc4 24. Rd4 Rxd4 25.
Nxd4 Bf8 26. Ne2 Qh6 27. Nf4 Be7 28. b3 Qf8 29. Qg4+ Kh8 30. Nh5 Qg8 31. Qf3 Qg6 32.
Kb2 b5 33. Nf4 Qg8 34. a3 Qc8 35. Nh5 Qc5 36. Qg4 Qe5+ 37. Kb1 f5 38. exf5 exf5 39. Qf3 Qe4 40. Qc3+ Qe5 41. Qc8+ 1-0

[Event "*** SCC Grand Prix: Titled Tuesday Blitz"]
[Site "Chess.com"]
[Date "2020.07.07"]
[Round "9"]
[White "MasterKroket"]
[Black "wild_cat99"]
[Result "1/2-1/2"]
[WhiteElo "2423"]
[BlackElo "2600"]
[TimeControl "180+1"]
[EndTime "11:46:12 PDT"]
[Termination "Game drawn by agreement"]

1. d4 Nf6 2. c4 e6 3. Nf3 d5 4.
Nc3 a6 5. cxd5 exd5 6. Bg5 Be7 7.
e3 O-O 8. Qc2 Nbd7 9. Bd3 Re8 10. O-O Nf8 11. Ne5 Be6 12. Rac1 c6 13. Ne2 h6 14.
Bh4 N6d7 15. Bxe7 Qxe7 16. f4 Nxe5 17. fxe5 g6 18. Nf4 Nh7 19. Rf2 Qg5 20. Rcf1 Bf5 21. Bxf5 Qxf5 22. Qxf5 gxf5 23. h4 f6 24. Nd3 fxe5 25.
Nxe5 Rf8 26. Rxf5 Rxf5 27. Rxf5 Rf8 28. Rxf8+ Kxf8 29. Nd7+ Ke7 30. Nc5 b6 31. Nxa6 Kd6 32.
Nb4 c5 33. dxc5+ bxc5 34. Nd3 c4 35. Ne1 Nf6 36. Kf2 c3 37. bxc3 Ne4+ 38. Kf3 Nxc3 39. Kg4 Nd1 40. Nc2 Ke5 41. Kh5 Ke4 42. g4 Nxe3 43.
Nxe3 Kxe3 44. g5 hxg5 45. hxg5 d4 46. g6 d3 47. g7 d2 48. g8=Q d1=Q+ 49. Qg4 1/2-1/2

[Event "*** SCC Grand Prix: Titled Tuesday Blitz"]
[Site "Chess.com"]
[Date "2020.07.07"]
[Round "9"]
[White "ZverevLev"]
[Black "Barmen_EV"]
[Result "1-0"]
[WhiteElo "2372"]
[BlackElo "2453"]
[TimeControl "180+1"]
[EndTime "11:46:12 PDT"]
[Termination "ZverevLev won by checkmate"]

1. e4 c5 2. Nf3 Nc6 3. d4 cxd4 4. Nxd4 Nf6 5. Nc3 e5 6. Ndb5 d6 7. Bg5 a6 8. Na3 b5 9. Bxf6 gxf6 10. Nd5 Bg7 11. g3 f5 12. Bg2 O-O 13. exf5 e4 14. Bxe4 Bxb2 15. O-O Re8 16. Nf6+ Qxf6 17. Bxc6 Bxf5 18.
Bxa8 Rxa8 19. Rb1 Bxa3 20. Qf3 Re8 21. Qxa3 Bxc2 22. Rbe1 Rd8 23. Re3 d5 24. Rfe1 d4 25. Re8+ Rxe8 26. Rxe8+ Kg7 27. Qf8+ Kg6 28. Rd8 Bf5 29. Qg8+ Kh5 30. Rd5 Kh6 31. g4 Qe6 32. Qf8+ Kg5 33. Qg7+ Kh4 34. Rxf5 Qe1+ 35. Kg2 Qe4+ 36.
Rf3 h5 37. Qf6+ Kxg4 38. h3# 1-0

[Event "*** SCC Grand Prix: Titled Tuesday Blitz"]
[Site "Chess.com"]
[Date "2020.07.07"]
[Round "9"]
[White "BocharovD"]
[Black "Rodalquilar"]
[Result "1-0"]
[WhiteElo "2760"]
[BlackElo "2626"]
[TimeControl "180+1"]
[EndTime "11:46:13 PDT"]
[Termination "BocharovD won on time"]

1. d4 d5 2. c4 e6 3. Nf3 a6 4. Bg5 Be7 5. Bxe7 Qxe7 6. Nbd2 Nf6 7. g3 dxc4 8. Nxc4 b5 9. Nce5 Bb7 10. Bg2 O-O 11.
O-O c5 12. dxc5 Qxc5 13. Rc1 Qb6 14. Qd4 Qxd4 15. Nxd4 Bxg2 16. Kxg2 Nbd7 17. Nxd7 Nxd7 18. Nc6 Rfe8 19. Rfd1 Nb6 20. b3 Kf8 21. Ne5 Rec8 22. Rxc8+ Rxc8 23. Rd6 Nd5 24. Rxa6 Rc2 25. Kf3 f6 26.
Nd3 Nc3 27. Nb4 Rb2 28. Rxe6 Kf7 29. Rc6 Nxe2 30. Ke3 Ng1 31. Rc1 Nh3 32. Rc2 Rb1 33. Kd4 Ng5 34. Kc5 Ne6+ 35. Kb6 Nd4 36. Rd2 Nf3 37.
Rd7+ Kg6 38. Kxb5 Nxh2 39. a4 Rxb3 40. a5 Ra3 41. a6 Nf3 42. Rd3 Rxd3 43. Nxd3 Nd4+ 44.
Kb6 1-0

[Event "*** SCC Grand Prix: Titled Tuesday Blitz"]
[Site "Chess.com"]
[Date "2020.07.07"]
[Round "9"]
[White "Ole83"]
[Black "FMOlexandrProhorov"]
[Result "1/2-1/2"]
[WhiteElo "2269"]
[BlackElo "2127"]
[TimeControl "180+1"]
[EndTime "11:46:13 PDT"]
[Termination "Game drawn by repetition"]

1. c4 g6 2. Nc3 Bg7 3. g3 f5 4.
Bg2 Nf6 5. d3 O-O 6. e4 d6 7.
Nge2 e5 8. O-O Nc6 9. Nd5 Be6 10.
Bg5 Qd7 11. Qd2 Rae8 12. Rae1 Kh8 13. b3 Ng8 14. Be3 Nd4 15. f3 h6 16. Kh1 Kh7 17.
Bg1 c6 18. Ndc3 Nf6 19. Nxd4 exd4 20. Bxd4 Nh5 21. Bxg7 Qxg7 22. exf5 gxf5 23. f4 Nf6 24. d4 Ng4 25. Re2 Bf7 26. Rfe1 Qg6 27. Rxe8 Rxe8 28. Rxe8 Bxe8 29. h3 Nf6 30. Kh2 Nh5 31. Ne2 Qe6 32. Bf3 Nf6 33. Nc3 Bg6 34. Qe2 Ne4 35. Nxe4 fxe4 36. Bg4 Qf6 37. Qe3 d5 38. cxd5 cxd5 39. Be2 Qc6 40. g4 Qc2 41. a3 Be8 42. Kg3 Qb1 43. h4 Qe1+ 44. Kh3 Qh1+ 45. Kg3 Qe1+ 46.
Kh3 Qh1+ 47. Kg3 Qe1+ 1/2-1/2

[Event "*** SCC Grand Prix: Titled Tuesday Blitz"]
[Site "Chess.com"]
[Date "2020.07.07"]
[Round "9"]
[White "SahajGrover"]
[Black "Elshan1985"]
[Result "1-0"]
[WhiteElo "2681"]
[BlackElo "2823"]
[TimeControl "180+1"]
[EndTime "11:46:15 PDT"]
[Termination "SahajGrover won by checkmate"]

1. d4 Nf6 2. Bf4 d6 3. Nc3 Nbd7 4. e4 e5 5. Be3 Be7 6. Nf3 c6 7. a4 O-O 8. h3 Re8 9. dxe5 Nxe5 10. Nxe5 dxe5 11. Qxd8 Bxd8 12. Bc4 Ba5 13. f3 Nh5 14. Kf2 Nf4 15. Rhd1 Bb6 16. Bxb6 axb6 17. h4 Kf8 18.
Rd2 b5 19. Bf1 b4 20. Nd1 Ne6 21. Ne3 b5 22. a5 Nc5 23. Rd6 Ra6 24. h5 Ke7 25.
Rdd1 Be6 26. c3 bxc3 27. b4 Nb3 28. Rab1 Rc8 29. Rd3 Nd2 30. Rc1 Nxf1 31. Kxf1 c5 32. Rdxc3 c4 33. Kf2 Rd8 34. Ke2 g6 35. R1c2 gxh5 36.
Rc1 h4 37. Rh1 h3 38. g4 h5 39. Rxh3 hxg4 40. fxg4 Ra7 41. Nf5+ Kf6 42. Rh5 Rad7 43. g5+ Kg6 44. Rh6+ Kxg5 45. Rg3+ Kf4 46. Rh4# 1-0

[Event "*** SCC Grand Prix: Titled Tuesday Blitz"]
[Site "Chess.com"]
[Date "2020.07.07"]
[Round "9"]
[White "TigrVShlyape"]
[Black "carlesdc96"]
[Result "1-0"]
[WhiteElo "2891"]
[BlackElo "2715"]
[TimeControl "180+1"]
[EndTime "11:46:16 PDT"]
[Termination "TigrVShlyape won by resignation"]

1. d4 e6 2. Bf4 Nf6 3. Nf3 c5 4. e3 Nc6 5. Nbd2 d5 6. c3 Bd6 7. Bg3 O-O 8. Bd3 b6 9. Qe2 Bb7 10. Rd1 h6 11. Ne5 Ne7 12. Bh4 Nd7 13. f4 Qc7 14. Qg4 f5 15. Qh3 Nf6 16. Bxf6 Rxf6 17. g4 Bxe5 18. fxe5 Rf7 19. Rg1 fxg4 20. Qxg4 Nf5 21.
Ke2 Raf8 22. Rdf1 Qc8 23. b4 cxb4 24. cxb4 Qd7 25. b5 Ra8 26. Qg6 Kh8 27. a4 a6 28.
Bxf5 Rxf5 29. Rxf5 exf5 30. e6 Qe7 31. Nf3 axb5 32.
Ne5 Qf6 33. Nf7+ Kg8 34. Qxf6 1-0

[Event "*** SCC Grand Prix: Titled Tuesday Blitz"]
[Site "Chess.com"]
[Date "2020.07.07"]
[Round "9"]
[White "1977Ivan"]
[Black "mbojan"]
[Result "1-0"]
[WhiteElo "2685"]
[BlackElo "2541"]
[TimeControl "180+1"]
[EndTime "11:46:16 PDT"]
[Termination "1977Ivan won by resignation"]

1. c4 g6 2. d4 Bg7 3. Nc3 d6 4.
e4 e5 5. dxe5 dxe5 6. Qxd8+ Kxd8 7. f4 Be6 8. Nf3 Nd7 9. Be2 Ne7 10. O-O exf4 11. Bxf4 Nc6 12. Rad1 Kc8 13. Nd5 Nce5 14.
Nxe5 Nxe5 15. Ne7+ Kb8 16. Bg3 Re8 17. Nd5 Bxd5 18. exd5 f5 19. c5 b6 20. Bb5 Rc8 21.
Rfe1 a6 22. Bc6 Nxc6 23. dxc6 b5 24. Re7 Bxb2 25. Bxc7+ Rxc7 26. Rd8+ 1-0

[Event "*** SCC Grand Prix: Titled Tuesday Blitz"]
[Site "Chess.com"]
[Date "2020.07.07"]
[Round "9"]
[White "ajdemipopushi"]
[Black "antoszu"]
[Result "0-1"]
[WhiteElo "2368"]
[BlackElo "2545"]
[TimeControl "180+1"]
[EndTime "11:46:16 PDT"]
[Termination "antoszu won on time"]

1. Nf3 d5 2. g3 c6 3. c4 Bg4 4.
Bg2 e6 5. O-O Nf6 6. d4 Be7 7. Ne5 Bf5 8. Nc3 O-O 9. Qb3 Qc7 10. Bf4 Qc8 11. Rac1 dxc4 12. Nxc4 Rd8 13. e4 Bg6 14. Rfd1 Na6 15. Ne5 Nc7 16. h3 Nce8 17. d5 exd5 18. exd5 c5 19. d6 Nxd6 20. Nxg6 hxg6 21. Bxd6 Bxd6 22. Bxb7 Qxh3 23. Bxa8 Rxa8 24. Qb7 Rb8 25. Qg2 Qxg2+ 26. Kxg2 Be5 27. b3 Ng4 28.
Ne4 Bd4 29. Rc2 f5 30. Nxc5 Bxf2 0-1

[Event "*** SCC Grand Prix: Titled Tuesday Blitz"]
[Site "Chess.com"]
[Date "2020.07.07"]
[Round "9"]
[White "if_name_main_a"]
[Black "Artem_Sadovsky"]
[Result "0-1"]
[WhiteElo "2389"]
[BlackElo "2532"]
[TimeControl "180+1"]
[EndTime "11:46:16 PDT"]
[Termination "Artem_Sadovsky won by checkmate"]

1. c4 g6 2. d4 Bg7 3. Nf3 d6 4. Nc3 e5 5. dxe5 dxe5 6. Qxd8+ Kxd8 7. Bg5+ f6 8. O-O-O+ Nd7 9. Be3 Bh6 10. Bxh6 Nxh6 11. h3 c6 12. Ne4 Ke7 13. g4 Nf7 14. h4 Nb6 15. c5 Nd5 16. g5 f5 17. Ned2 e4 18. Nd4 e3 19. Nc4 exf2 20. Rh2 h6 21.
gxh6 Rxh6 22. Bg2 Nf4 23. Bf3 Ne6 24. Nb3 g5 25. Rxf2 Rxh4 26. Nd6 Nxc5 27. Nxc8+ Rxc8 28. Nd4 Nd6 29. Rg2 g4 30. Nxf5+ Nxf5 31. Bxg4 Ne3 32. Bxc8 Nxg2 33. Rg1 Rc4+ 34. Kd1 Ne3+ 35. Kd2 Nd5 36. Rg7+ Kd6 37. Bxb7 Ne4+ 38. Kd1 Ne3+ 39. Ke1 Rc1# 0-1

[Event "*** SCC Grand Prix: Titled Tuesday Blitz"]
[Site "Chess.com"]
[Date "2020.07.07"]
[Round "9"]
[White "gagtemp"]
[Black "hongnhung1234"]
[Result "0-1"]
[WhiteElo "1906"]
[BlackElo "2206"]
[TimeControl "180+1"]
[EndTime "11:46:16 PDT"]
[Termination "hongnhung1234 won by resignation"]

1. e4 c5 2. Nf3 e6 3. d4 cxd4 4. Nxd4 Nc6 5. Nc3 Qc7 6. Be3 a6 7. Bd3 Nf6 8. O-O Be7 9. Kh1 O-O 10. f4 d6 11. Qf3 Nxd4 12. Bxd4 b5 13. a3 Bb7 14. Qh3 e5 15. Be3 Rad8 16. fxe5 dxe5 17. Bg5 Kh8 18. Bxf6 Bxf6 19. Rxf6 gxf6 20. Nd5 Bxd5 21. exd5 f5 22. Bxf5 f6 23. Be6 Qxc2 24. Bf5 Qc7 25.
Rd1 Qf7 26. d6 Qg7 27. d7 Rf7 28. Be6 Re7 29. Bf5 Qg5 30. Rf1 Qg7 31. Be6 e4 32.
Bf5 e3 33. Re1 Qg5 34. Qf3 e2 35. Rxe2 Qc1+ 0-1

[Event "*** SCC Grand Prix: Titled Tuesday Blitz"]
[Site "Chess.com"]
[Date "2020.07.07"]
[Round "9"]
[White "Fortitudine"]
[Black "Usurpov"]
[Result "1-0"]
[WhiteElo "2265"]
[BlackElo "2375"]
[TimeControl "180+1"]
[EndTime "11:46:17 PDT"]
[Termination "Fortitudine won by resignation"]

1. d4 Nf6 2. Nc3 d5 3. Bg5 g6 4.
Qd2 Bg7 5. O-O-O Bf5 6. f3 O-O 7. g4 Be6 8. Bh6 c5 9. Bxg7 Kxg7 10. g5 Nfd7 11. dxc5 Nc6 12. Nxd5 Kg8 13. h4 Nxc5 14. h5 Rc8 15. hxg6 fxg6 16. e4 Ne5 17. Kb1 Bxd5 18. exd5 Nxf3 19. Nxf3 Rxf3 20. Bh3 Rc7 21. Qh2 Qd6 22.
Be6+ 1-0

[Event "*** SCC Grand Prix: Titled Tuesday Blitz"]
[Site "Chess.com"]
[Date "2020.07.07"]
[Round "9"]
[White "sertalzin"]
[Black "cukin84"]
[Result "0-1"]
[WhiteElo "2019"]
[BlackElo "2179"]
[TimeControl "180+1"]
[EndTime "11:46:17 PDT"]
[Termination "cukin84 won on time"]

1. d4 f5 2. g3 Nf6 3. Bg2 g6 4. Nf3 Bg7 5. O-O O-O 6. c4 d6 7. Nc3 Qe8 8. d5 a5 9. Rb1 Na6 10.
b3 Bd7 11. Bb2 Nc5 12. Nd4 Nfe4 13. e3 Nxc3 14. Bxc3 a4 15. b4 Ne4 16. Ba1 c5 17. dxc6 bxc6 18. b5 c5 19. Ne2 Bxa1 20. Rxa1 Be6 21.
Rc1 Qd8 22. Nf4 Bf7 23. h4 h6 24. h5 g5 25. Ng6 Re8 26. g4 e6 27. f3 Nf6 28. Bh3 fxg4 29. fxg4 Kg7 30. Qd3 d5 31.
Rcd1 dxc4 32. Qxc4 Qc7 33. Kg2 Qb7+ 34. Kh2 Qe4 35.
Qxe4 Nxe4 36. Ne5 Re7 37. Nxf7 Rxf7 38. Rxf7+ Kxf7 39. Rd7+ Kf6 40. Rh7 Rd8 0-1

[Event "*** SCC Grand Prix: Titled Tuesday Blitz"]
[Site "Chess.com"]
[Date "2020.07.07"]
[Round "9"]
[White "vovachesss"]
[Black "Forantes"]
[Result "1-0"]
[WhiteElo "2583"]
[BlackElo "2369"]
[TimeControl "180+1"]
[EndTime "11:46:19 PDT"]
[Termination "vovachesss won by checkmate"]

1. d4 Nf6 2. Nc3 d5 3. Bf4 g6 4.
e3 Bg7 5. h4 h5 6. Nf3 O-O 7.
Be2 c5 8. dxc5 Nc6 9. O-O Qa5 10. Nxd5 Nxd5 11. Qxd5 Be6 12. Qd2 Qxc5 13. c3 Bg4 14. Rad1 Rfd8 15. Qc2 Nb4 16. Qb3 Nd5 17. Bg3 Nxe3 18. Rxd8+ Rxd8 19. fxe3 Qxe3+ 20. Rf2 e5 21. Qc4 Be6 22. Qc7 Rd7 23. Qb8+ Kh7 24. Bxe5 Bxe5 25. Qxe5 Qc1+ 26. Kh2 Rd5 27. Ng5+ Kg8 28. Qb8+ Kg7 29. Nxe6+ fxe6 30. Qf8+ Kh7 31. Rf7# 1-0

[Event "*** SCC Grand Prix: Titled Tuesday Blitz"]
[Site "Chess.com"]
[Date "2020.07.07"]
[Round "9"]
[White "Oligan22"]
[Black "aa175"]
[Result "0-1"]
[WhiteElo "2466"]
[BlackElo "2379"]
[TimeControl "180+1"]
[EndTime "11:46:19 PDT"]
[Termination "aa175 won by resignation"]

1. e4 c5 2. Nf3 d6 3. d4 cxd4 4.
Nxd4 Nf6 5. Nc3 a6 6. Be3 e6 7. f3 b5 8. Qd2 Nbd7 9. g4 h6 10. O-O-O Bb7 11. h4 b4 12. Na4 Qa5 13. b3 Nc5 14. a3 Nxa4 15. axb4 Qc7 16. bxa4 d5 17. e5 Nd7 18. f4 Nb6 19. a5 Nc4 20. Qc3 Rc8 21.
Rh3 Nxe3 22. Qxc7 Rxc7 23. Rxe3 Bxb4 24. Nb3 g5 25. fxg5 hxg5 26. h5 Ke7 27. Bd3 Bc6 28.
Bxa6 Ba4 29. Kb2 Rb8 30. h6 Bxa5 31. h7 Bb6 32. Rh3 Rh8 33. Rh5 Be3 34. Rd3 Bf4 35.
Rc3 Bxe5 0-1

[Event "*** SCC Grand Prix: Titled Tuesday Blitz"]
[Site "Chess.com"]
[Date "2020.07.07"]
[Round "9"]
[White "rugbyclub"]
[Black "WilliamSchill"]
[Result "1-0"]
[WhiteElo "2121"]
[BlackElo "1961"]
[TimeControl "180+1"]
[EndTime "11:46:19 PDT"]
[Termination "rugbyclub won on time"]

1. c4 Nf6 2. Nc3 g6 3. e4 d6 4. d4 Bg7 5. Be2 O-O 6. Nf3 e5 7. d5 a5 8. Bg5 h6 9. Bh4 Na6 10. Nd2 Bd7 11. a3 Qe8 12. b3 Nh7 13. Rb1 f5 14. f3 Bf6 15. Bf2 Nc5 16. b4 axb4 17.
axb4 Na4 18. Nxa4 Bxa4 19. Qc1 Qe7 20. O-O Bg5 21. c5 fxe4 22. fxe4 Bf4 23. Qc3 Ng5 24. Bd3 Nh3+ 25. gxh3 Qg5+ 26. Kh1 Bxd2 27. Qb2 Bf4 28. Rg1 Qh5 29. Be2 Qxh3 30. Bg3 Bd7 31. Bxf4 Rxf4 32. Rxg6+ Kh7 33. Rbg1 1-0

[Event "*** SCC Grand Prix: Titled Tuesday Blitz"]
[Site "Chess.com"]
[Date "2020.07.07"]
[Round "9"]
[White "IMHansNiemann"]
[Black "theblitzchamp"]
[Result "1-0"]
[WhiteElo "2929"]
[BlackElo "2740"]
[TimeControl "180+1"]
[EndTime "11:46:20 PDT"]
[Termination "IMHansNiemann won by resignation"]

1. d4 d5 2. Nc3 Nf6 3. Bf4 c6 4. e3 Bf5 5. f3 e6 6. g4 Bg6 7. h4 h6 8. Bd3 Bxd3 9. Qxd3 Nbd7 10. Nge2 Qb6 11. O-O-O O-O-O 12. e4 Bb4 13. a3 Be7 14. g5 hxg5 15. hxg5 Nh5 16. Be3 Kb8 17. Na4 Qa5 18.
Nac3 Ka8 19. g6 fxg6 20. e5 g5 21. Qd2 Nf4 22. Bxf4 gxf4 23. Qxf4 Rhf8 24. Qg4 Nb6 25. Qxe6 Rde8 26. Qg6 Bxa3 27. bxa3 Nc4 28. Rd3 Qxa3+ 29. Kd1 Qa1+ 30. Nc1 Nb2+ 31. Kd2 Nxd3 32. Qxd3 Rf4 33. Rf1 a6 34. Nb3 Qa3 35. Ne2 Rf7 36. Nc5 Qa5+ 37. Qc3 Qxc3+ 38. Kxc3 Ref8 39. f4 g5 40. Ne6 Rg8 41.
f5 g4 42. Ng3 Rh7 43. Nf4 Kb8 44. f6 Kc7 45. e6 Kd6 46. Nf5+ Kc7 47. f7 Rf8 48. e7 Rhxf7 49. exf8=Q Rxf8 50. Ne6+ Kb6 51. Nxf8 g3 52. Nxg3 Kb5 53. Rb1+ Ka4 54. Ne6 b5 55. Nc5+ Ka5 56. Ra1+ Kb6 57. Rxa6+ Kc7 58. Kb4 1-0

[Event "*** SCC Grand Prix: Titled Tuesday Blitz"]
[Site "Chess.com"]
[Date "2020.07.07"]
[Round "9"]
[White "RitvarsReimanis"]
[Black "KuzubovYuriy"]
[Result "0-1"]
[WhiteElo "2565"]
[BlackElo "2833"]
[TimeControl "180+1"]
[EndTime "11:46:23 PDT"]
[Termination "KuzubovYuriy won by resignation"]

1. d4 Nf6 2. c4 e6 3. Nf3 d5 4.
Nc3 Nbd7 5. Bf4 dxc4 6. e3 Nd5 7.
Bxc4 Nxf4 8. exf4 Nb6 9. Bd3 g6 10. h4 Bg7 11. h5 Bd7 12. Ne5 Qe7 13. hxg6 hxg6 14. Rxh8+ Bxh8 15. Qf3 O-O-O 16. Be4 c6 17. O-O-O Be8 18. Rh1 Bg7 19. Rh7 Qf8 20. Qe3 Kb8 21. g3 Nc8 22. Bg2 Nd6 23. g4 f6 24. Nf3 Bf7 25. Qd3 Nc8 26. Qe3 Nb6 27. Nd2 f5 28.
gxf5 Bxd4 29. Qh3 exf5 30. Qh4 Bxc3 31. bxc3 Qa3+ 32. Kc2 Qxa2+ 33. Kc1 Qxd2+ 34. Kb1 Qa2+ 35. Kc1 Qa1+ 36. Kc2 Qd1+ 0-1

[Event "*** SCC Grand Prix: Titled Tuesday Blitz"]
[Site "Chess.com"]
[Date "2020.07.07"]
[Round "9"]
[White "sewin16"]
[Black "tylityli"]
[Result "0-1"]
[WhiteElo "2398"]
[BlackElo "2208"]
[TimeControl "180+1"]
[EndTime "11:46:23 PDT"]
[Termination "tylityli won by resignation"]

1. e4 e5 2. Nf3 Nc6 3. d4 exd4 4.
Bc4 Nf6 5. e5 d5 6. Bb5 Ne4 7.
Nxd4 Bd7 8. Bxc6 bxc6 9. O-O Bc5 10. f3 Ng5 11. f4 Ne4 12. Be3 Bb6 13. Nd2 Nxd2 14.
Qxd2 c5 15. Nb3 d4 16. Bf2 Bc6 17. c4 Qd7 18. f5 O-O-O 19. Qf4 g6 20. f6 Rhe8 21. Rfe1 h5 22. Bg3 Qg4 23. Qxg4+ hxg4 24. a4 a5 25. Re2 d3 26. Rd2 Be4 27. Re1 Bf5 28.
Bf2 Be6 29. Nxc5 Bxc4 30. b3 Bxc5 31. bxc4 Bb4 32. Rdd1 Bxe1 33. Bxe1 Rxe5 34. Bc3 Rc5 35.
Kf2 Rxc4 36. Bxa5 Rxa4 37. Bc3 Ra2+ 38. Kg3 Rc2 39. Be5 d2 40. Kxg4 Rc1 0-1

[Event "*** SCC Grand Prix: Titled Tuesday Blitz"]
[Site "Chess.com"]
[Date "2020.07.07"]
[Round "9"]
[White "Makswolf200817"]
[Black "lucachess49"]
[Result "0-1"]
[WhiteElo "2488"]
[BlackElo "2404"]
[TimeControl "180+1"]
[EndTime "11:46:24 PDT"]
[Termination "lucachess49 won on time"]

1. d4 Nf6 2. c4 e6 3. Nf3 a6 4. g3 b5 5. Nbd2 Bb7 6. Bg2 Be7 7. O-O O-O 8. a4 bxc4 9. Nxc4 a5 10. Bd2 Nc6 11. Nfe5 Nxe5 12. dxe5 Ne4 13. Nxa5 Bd5 14. Bxe4 Bxe4 15. Nc4 d5 16. exd6 cxd6 17. a5 d5 18. Nb6 Ra7 19. b4 e5 20. Qb3 d4 21. b5 d3 22. exd3 Bf3 23. Be3 Bg5 24. Nc4 Ra8 25.
Nxe5 Bd5 26. Qb4 Be7 27. Qd2 Qd6 28. Nc4 Qe6 29. Nb6 Bf3 30. Rfb1 Qh3 0-1

[Event "*** SCC Grand Prix: Titled Tuesday Blitz"]
[Site "Chess.com"]
[Date "2020.07.07"]
[Round "9"]
[White "ShahMatKanal"]
[Black "kakakz"]
[Result "1-0"]
[WhiteElo "2488"]
[BlackElo "2370"]
[TimeControl "180+1"]
[EndTime "11:46:24 PDT"]
[Termination "ShahMatKanal won on time"]

1. d4 Nf6 2. Bf4 d5 3. e3 c5 4. c3 Nc6 5. Nd2 Qb6 6. Qb3 c4 7. Qc2 g6 8. b3 Bf5 9. Qb2 Nh5 10.
Bg5 h6 11. Bh4 g5 12. Be2 Bg6 13. Bg3 Nxg3 14. hxg3 Bg7 15. Ngf3 e5 16. Qa3 e4 17. Nh2 cxb3 18. axb3 f5 19. Qd6 Bf7 20. g4 Rd8 21. Qg3 h5 22. gxf5 Bf6 23. f3 exf3 24. Nhxf3 g4 25. Ne5 Qc7 26. Bb5 a6 27. Bxc6+ bxc6 28. Qf4 Be7 29. Rxa6 Rb8 30. Rxc6 Qa7 31. O-O 1-0

[Event "*** SCC Grand Prix: Titled Tuesday Blitz"]
[Site "Chess.com"]
[Date "2020.07.07"]
[Round "9"]
[White "FearNoEvil12"]
[Black "DonPreuss"]
[Result "1/2-1/2"]
[WhiteElo "2054"]
[BlackElo "2173"]
[TimeControl "180+1"]
[EndTime "11:46:25 PDT"]
[Termination "Game drawn - insufficient material"]

1. e4 e5 2. d4 Nc6 3. Nf3 exd4 4. Bc4 d6 5. Nxd4 Nxd4 6. Qxd4 Be6 7. Nc3 Be7 8. h3 Nf6 9. Be3 O-O 10. g4 Nd7 11.
Bb3 Nb6 12. Bxe6 fxe6 13. O-O-O e5 14. Qd3 Qe8 15. Nd5 Nxd5 16. Qxd5+ Qf7 17. Qxf7+ Rxf7 18. h4 Rf3 19. Rdg1 a6 20. Kd2 Raf8 21. Ke2 b6 22.
g5 d5 23. exd5 Bc5 24. Bxc5 bxc5 25. Rg2 R3f4 26. b3 c4 27. Rd1 Rxh4 28. Ke3 Rh3+ 29. Ke2 cxb3 30. axb3 Rc3 31. Kd2 Rff3 32. Re1 Rc5 33.
Rxe5 Rfc3 34. Rg1 Rxc2+ 35. Ke3 R5c3+ 36. Kd4 Rxb3 37. Ra1 Rxf2 38. Rxa6 Rf4+ 39. Kc5 Rc3+ 40. Kb5 Kf7 41. Rc6 Rxc6 42. Kxc6 Rc4+ 43. Kd7 Kg6 44.
Ke6 h5 45. gxh6 gxh6 46. Re1 h5 47. Rg1+ Rg4 48. Rc1 h4 49. Rxc7 h3 50. Rc1 Kg5 51. Rh1 Kh4 52. d6 Rd4 53. d7 Kg3 54. Ke7 Kg2 55. Rxh3 Kxh3 56. d8=Q Rxd8 57. Kxd8 1/2-1/2

[Event "*** SCC Grand Prix: Titled Tuesday Blitz"]
[Site "Chess.com"]
[Date "2020.07.07"]
[Round "9"]
[White "kirillshevchenko"]
[Black "Shield12"]
[Result "0-1"]
[WhiteElo "2946"]
[BlackElo "2852"]
[TimeControl "180+1"]
[EndTime "11:46:26 PDT"]
[Termination "Shield12 won by resignation"]

1. e4 c5 2. Nf3 Nc6 3. Nc3 Nf6 4. Bb5 g6 5. Bxc6 dxc6 6. e5 Nd5 7. Ne4 b6 8. h3 Bg7 9. d3 O-O 10. Qe2 a5 11. Bd2 a4 12. a3 Nc7 13. O-O-O Nb5 14. h4 Bg4 15. h5 Nd4 16. Qe3 Qd5 17. Nc3 Qd7 18. Rde1 Rad8 19. Ng5 h6 20. Nge4 Bf5 21. f3 g5 22. Nxg5 hxg5 23. h6 Bh8 24. h7+ Bxh7 25. Qxg5+ Bg7 26. Rxh7 Kxh7 27. Rh1+ Kg8 28. Qh5 Qf5 29.
Qh2 Bxe5 30. f4 Bf6 31. g4 Qg6 32. f5 Qg7 33. g5 Bxg5 34. Bxg5 Nf3 35. Qh5 Qxg5+ 0-1

[Event "*** SCC Grand Prix: Titled Tuesday Blitz"]
[Site "Chess.com"]
[Date "2020.07.07"]
[Round "9"]
[White "m_ezat"]
[Black "DishonorOnYourCow"]
[Result "0-1"]
[WhiteElo "2509"]
[BlackElo "2350"]
[TimeControl "180+1"]
[EndTime "11:46:26 PDT"]
[Termination "DishonorOnYourCow won by checkmate"]

1. e4 e5 2. Nf3 Nc6 3. Bb5 Nf6 4. O-O Nxe4 5. Re1 Nd6 6. Bxc6 dxc6 7. d4 e4 8. Ne5 Be7 9. Nc3 O-O 10. Nxe4 Nxe4 11. Rxe4 c5 12. Bf4 Bf5 13. Re3 cxd4 14. Rg3 Bf6 15.
Qf3 Re8 16. Ng4 Bxg4 17. Rxg4 Qe7 18. h4 Bxh4 19. Qxb7 h5 20. Rxh4 Qxh4 21. g3 Qe7 22. Qf3 g6 23. Bh6 Kh7 24. Bf4 Qe4 25. Qb3 Qe6 26. Qb7 c5 27. Kh2 Qe7 28. Qc6 Rac8 29. Qa6 Qe2 30. Qf6 Qxf2+ 31. Kh3 Rf8 32. Rh1 Qf3 33. Qg5 Qxh1# 0-1

[Event "*** SCC Grand Prix: Titled Tuesday Blitz"]
[Site "Chess.com"]
[Date "2020.07.07"]
[Round "9"]
[White "Aguiar94"]
[Black "Rish_97"]
[Result "0-1"]
[WhiteElo "2525"]
[BlackElo "2667"]
[TimeControl "180+1"]
[EndTime "11:46:28 PDT"]
[Termination "Rish_97 won by resignation"]

1. e4 c5 2. Nf3 Nc6 3. Nc3 g6 4.
d4 cxd4 5. Nxd4 Bg7 6. Nb3 d6 7. Be2 Nf6 8. g4 O-O 9. g5 Nd7 10. Be3 Nb6 11. Nd4 Bd7 12. h4 Rc8 13. h5 Ne5 14. f4 Nec4 15. Bc1 e5 16. fxe5 Nxe5 17.
Ndb5 Nec4 18. Nxa7 Rc5 19. a4 Rxg5 20. hxg6 hxg6 21. Nab5 Re8 22. Nxd6 Nxd6 23. Bxg5 Qxg5 24. Qxd6 Be5 25. Qxb6 Bg3+ 26. Kd1 Bg4 27. Nd5 Bxe2+ 28. Kxe2 Rxe4+ 29. Kd3 Qxd5+ 30. Kc3 Be5+ 0-1

[Event "*** SCC Grand Prix: Titled Tuesday Blitz"]
[Site "Chess.com"]
[Date "2020.07.07"]
[Round "9"]
[White "Karina_Ivanova"]
[Black "harlem4brew"]
[Result "0-1"]
[WhiteElo "2197"]
[BlackElo "2123"]
[TimeControl "180+1"]
[EndTime "11:46:28 PDT"]
[Termination "harlem4brew won by resignation"]

1. d4 Nf6 2. Nf3 e6 3. g3 b6 4.
Bg2 Bb7 5. O-O Be7 6. c4 O-O 7. Nc3 d5 8. Ne5 Nbd7 9. Nxd7 Qxd7 10. Bf4 Qc8 11. cxd5 Nxd5 12. Nxd5 Bxd5 13. Bxd5 exd5 14. Rc1 Bd8 15. Qc2 Qh3 16. Qc6 Rc8 17. Qxd5 h5 18. Qg2 Qf5 19. e4 Qd7 20. Rfd1 g6 21. d5 Bf6 22. e5 Bg7 23. Qe4 Qg4 24. f3 Qh3 25. e6 Bxb2 26. e7 Rfe8 27. Rxc7 Rxc7 28. Bxc7 Ba3 29. d6 Bc5+ 30. Rd4 Kh7 31. Qd5 Kg7 32.
Qe5+ f6 33. Qe4 Kf7 34. a4 Qd7 35. Kg2 Bxd4 36. Qxd4 Rxe7 37. Qc4+ Re6 38. Qb5 Qxb5 39. axb5 Ke8 40. Bb8 Kd7 41. Bxa7 Rxd6 42. f4 Kc7 0-1